 Dungeon Crawl Stone Soup version 0.27.1-37-g7b29ead8ac (console) character file.

Game seed: 12781499210561070300

4711 grimtooth the Covert (level 10, 0/60 HPs)
             Began as a Kobold Enchanter on Nov 15, 2023.
             Was a Believer of Nemelex Xobeh.
             Slain by a water moccasin (4 damage)
             ... on level 9 of the Dungeon.
             The game lasted 00:48:15 (11251 turns).

grimtooth the Covert (Kobold Enchanter)            Turns: 11251, Time: 00:48:16

Health: 0/60       AC:  5    Str: 18    XL:     10   Next: 73%
Magic:  14/14      EV: 15    Int: 24    God:    Nemelex Xobeh [**....]
Gold:   414        SH:  0    Dex: 16    Spells: 4/13 levels left

rFire    + + .     SeeInvis .   a - +2 dagger (elec)
rCold    . . .     Faith    .   (shield restricted)
rNeg     . . .     Spirit   .   b - +0 robe
rPois    .         Reflect  .   h - +0 helmet
rElec    .         Harm     .   (no cloak)
rCorr    .         Rampage  .   J - +0 pair of gloves of Sizuoderr {rC+}
Will     .....                  k - +0 pair of boots
Stlth    ++++++....             (no amulet)
HPRegen  0.20/turn              c - +6 ring of strength
MPRegen  0.14/turn              G - ring of Unutti {rF++ rC- Str+6 Int+5}

@: lethally poisoned (0 -> -8)
A: small, no large weapons, nightstalker 3
a: Renounce Religion, Draw Escape, Draw Destruction, Draw Summoning


You were on level 9 of the Dungeon.
You worshipped Nemelex Xobeh.
Nemelex Xobeh was pleased with you.
You visited 2 branches of the dungeon, and saw 10 of its levels.

You collected 414 gold pieces.

Inventory:

Hand Weapons
 a - a +2 dagger of electrocution (weapon)
 v - the +9 long sword "Cuasocue" {drain, rPois rC+}
   (You found it on level 4 of the Dungeon)

   A truly terrible weapon, it drains the life of any living foe it strikes.
   rC:        It protects you from cold.
   rPois:     It protects you from poison.
Missiles
 d - 75 stones (quivered)
 m - 107 sling bullets
 n - 23 boomerangs
 q - 7 curare-tipped darts
 O - 4 throwing nets {=f}
Armour
 b - a +0 robe (worn)
 h - a +0 helmet (worn)
 j - a +0 buckler
 k - a +0 pair of boots (worn)
 B - a +0 leather armour of willpower
 E - a +1 leather armour of cold resistance
 J - the +0 pair of gloves of Sizuoderr (worn) {rC+}
   (You found it on level 6 of the Dungeon)

   rC:        It protects you from cold.
Jewellery
 c - a +6 ring of strength (left hand)
 r - a ring of positive energy
 G - the ring of Unutti (right hand) {rF++ rC- Str+6 Int+5}
   (You took it off an orc on level 6 of the Dungeon)

   [ring of strength]

   Str:       It affects your strength (+6).
   Int:       It affects your intelligence (+5).
   rF:        It greatly protects you from fire.
   rC:        It makes you vulnerable to cold.
Wands
 u - a wand of polymorph (5)
 C - a wand of paralysis (7)
 D - a wand of mindburst (15)
 N - a wand of flame (24)
Scrolls
 e - a scroll of fear {unknown}
 l - 2 scrolls of magic mapping {unknown}
 o - a scroll of noise {unknown}
 p - a scroll of fog {unknown}
 w - 2 scrolls of enchant weapon
 y - 2 scrolls of enchant armour {unknown}
 H - a scroll of immolation {unknown}
 M - a scroll of silence {unknown}
 P - a scroll of vulnerability {unknown}
Potions
 f - a potion of attraction
 g - a potion of heal wounds
 i - 2 potions of curing {unknown}
 s - a potion of magic
 x - 3 potions of lignification {unknown}
 z - a potion of flight
 A - a potion of degeneration {unknown}
 F - a potion of haste {unknown}
 I - a potion of might {unknown}
 K - a potion of berserk rage {unknown}
 L - a potion of ambrosia


   Skills:
 - Level 6.0 Fighting
 - Level 6.0 Short Blades
 - Level 2.4 Dodging
 + Level 11.5 Stealth
 - Level 2.1 Spellcasting
 + Level 9.6 Hexes
 * Level 6.0 Invocations


You had 4 spell levels left.
You knew the following spells:

 Your Spells              Type           Power      Damage    Failure   Level
a - Corona                Hex            53%        N/A       1%          1
b - Tukima's Dance        Hex            48%        N/A       1%          3
e - Ensorcelled Hibernat  Hex/Ice        50%        N/A       2%          2
z - Confusing Touch       Hex            48%        N/A       1%          3

Your spell library contained the following spells:

 Spells                   Type           Power      Damage    Failure   Level
 Dazzling Flash           Conj/Hex       50%        N/A       4%          3
 Inner Flame              Hex/Fire       25%        N/A       4%          3
 Animate Skeleton         Necr           4%         N/A       12%         1
 Foxfire                  Conj/Fire      8%         2x1d4     12%         1
 Pain                     Necr           8%         1d4       12%         1
 Sublimation of Blood     Necr           1%         N/A       19%         2
 Wereblood                Tmut           2%         N/A       19%         2
 Conjure Flame            Conj/Fire      2%         6-21      34%         3
 Vampiric Draining        Necr           1%         2d6       34%         3
 Hailstorm                Conj/Ice       2%         3d3       75%         4
 Ice Form                 Ice/Tmut       2%         N/A       75%         4
 Passage of Golubria      Tloc           N/A        N/A       75%         4
 Yara's Violent Unravell  Hex/Tmut       12%        3d7       41%         5
 Simulacrum               Ice/Necr       1%         N/A       100%        6
 Summon Hydra             Summ           1%         N/A       100%        7


Dungeon Overview and Level Annotations

Branches:
Dungeon (9/15)             Temple (1/1) D:4            Lair (0/6) D:9
    Orc: D:9-12

Altars:
Ashenzari
Cheibriados
Dithmenos
Elyvilon
Fedhas
Gozag
Hepliaklqana
Kikubaaqudgha
Makhleb
Nemelex Xobeh
Okawaru
Ru
Sif Muna
Trog
Uskayaw
Vehumet
Wu Jian
Xom
Yredelemnul
Zin
The Shining One

Shops:
D:7 [   D:8 :

Annotations:
D:3 1 runed translucent door, Crazy Yiuf
D:7 Maggie
D:8 exclusion: 2 doors, Erica
D:9 Psyche


Innate Abilities, Weirdness & Mutations

You are small and have problems with some larger weapons.
You are completely attuned to the shadows.


Message History

The water moccasin poisons you!
You barely miss the water moccasin.
You feel very sick. The wolf bites you but does no damage. The wolf bites you.
The black bear bites you but does no damage.
The black bear claws you but does no damage.
The black bear barely misses you.
The water moccasin bites the plant.
The plant begins to die.
The water moccasin completely misses you.
The water moccasin barely misses you.
The water moccasin bites the plant!
The plant begins to die.
The wolf bites you!
Found 14 gold pieces.
You feel very sick.
The wyvern bites the plant!
The plant begins to die.
The wolf bites the plant!
The water moccasin bites you!
The water moccasin bites the plant.
The plant is poisoned.
The water moccasin poisons the plant!
The black bear bites you. The black bear barely misses you.
The black bear claws you but does no damage.
The wolf bites you!
* * * LOW HITPOINT WARNING * * *
You hear an angry growl.
Okay, then.
Enter note: - thats a poor landinmg
Okay, then.
You draw a card...
You have drawn the Tomb.
Walls emerge from the floor!
* * * LOW HITPOINT WARNING * * *
You feel very sick.
The wolf bites the plant!
The wyvern bites the plant!!
The wolf closely misses you.
The water moccasin bites the plant.
The water moccasin bites you!
* * * LOW HITPOINT WARNING * * *
The water moccasin bites the plant!
The water moccasin bites you but does no damage.
The black bear closely misses you. The black bear misses you.
The black bear closely misses you.
The wolf bites the plant.
The wolf misses you.
The water moccasin bites the plant.
The wyvern bites the plant.
The water moccasin barely misses you.
The water moccasin bites the plant!
The water moccasin bites you.
You die...
Your body glows slightly and disappears.

..###.# #.#
......# #.######..
....#.###.........
#.#........####...
#.###.####.# Ph
#.....# #.#
..P......P #.#####
#.##...P.PPP...
#.#
#..P.P..P......
#.#
#..♣.P.hlS.PP.♣
#.#
###P..SShl>..P.
### .P.#@hhlPP..
...##PSP....
$.....P.P.PP
...........P
...♣.P.P....


You could see 4 water moccasins, 2 black bears, 3 wyverns and 2 wolves.

Vanquished Creatures
  Harold (D:8)
  3 water moccasins
  A sky beast (D:5)
  A black bear (D:6)
  4 orc warriors
  A necrophage (D:8)
  4 ogres
  A centaur (D:8)
  A phantom (D:4)
  6 bullfrogs
  4 wyvern zombies
  2 gnoll sergeants
  2 scorpions (D:5)
  3 water moccasin skeletons
  5 wights (D:7)
  An oklob sapling (D:4)
  4 killer bees (D:8)
  3 centaur zombies
  A bullfrog zombie (D:6)
  4 hounds
  A gnoll shaman (D:8)
  4 orc priests
  2 centaur skeletons
  A bullfrog skeleton (D:6)
  3 iguanas
  Natasha (thrice) (D:3)
  6 orc wizards
  A killer bee zombie (D:6)
  A howler monkey zombie (D:7)
  14 gnolls
  An adder (D:3)
  A shadow imp (D:6)
  An ufetubus (D:4)
  An adder skeleton (D:5)
  4 dart slugs
  38 orcs
  3 ball pythons
  6 bats
  7 endoplasms
  4 giant cockroaches
  8 goblins
  7 hobgoblins
  6 jackals (D:1)
  4 quokkas
  16 frilled lizards
  13 kobolds
  4 rats
212 creatures vanquished.

Vanquished Creatures (others)
  A fungus (D:3)
  38 plants
39 creatures vanquished.

Grand Total: 251 creatures vanquished

Notes
Turn   | Place    | Note
-------+----------+-------------------------------------------
     0 | D:1      | grimtooth the Kobold Enchanter began the quest for the Orb.
     0 | D:1      | Reached XP level 1. HP: 10/10 MP: 3/3
   171 | D:1      | Reached XP level 2. HP: 3/15 MP: 3/5
   190 | D:1      | Learned a level 2 spell: Ensorcelled Hibernation
   593 | D:1      | Reached XP level 3. HP: 16/19 MP: 6/6
  1358 | D:1      | Reached XP level 4. HP: 23/24 MP: 5/7
  2307 | D:3      | Found a snail-covered altar of Cheibriados.
  2338 | D:3      | Found a faded altar of an unknown god.
  2399 | D:3      | Reached skill level 5 in Stealth
  2715 | D:3      | Found a shimmering altar of Xom.
  2763 | D:3      | Noticed Natasha
  2766 | D:3      | Killed Natasha
  2767 | D:3      | Reached XP level 5. HP: 28/28 MP: 8/8
  3094 | D:3      | Noticed Natasha
  3099 | D:3      | Killed Natasha
  3124 | D:3      | Found a runed translucent door.
  3127 | D:3      | Noticed Crazy Yiuf
  3310 | D:3      | Noticed Natasha
  3314 | D:3      | Killed Natasha
  3315 | D:3      | Reached XP level 6. HP: 32/32 MP: 6/9
  3530 | D:4      | Reached skill level 5 in Hexes
  3867 | D:4      | Identified the +9 long sword "Cuasocue" {drain, rPois rC+}
  3889 | D:4      | Reached skill level 6 in Stealth
  3904 | D:4      | Found an ancient bone altar of Kikubaaqudgha.
  4049 | D:4      | Reached XP level 7. HP: 19/36 MP: 0/10
  4280 | D:4      | Found a staircase to the Ecumenical Temple.
  4413 | D:4      | Learned a level 3 spell: Confusing Touch
  4423 | D:4      | Reached skill level 5 in Short Blades
  4426 | Temple   | Entered the Ecumenical Temple
  4584 | D:4      | - nemelex where are you
  4585 | D:5      | Entered Level 5 of the Dungeon
  4604 | D:5      | Found an opulent altar of Gozag.
  4604 | D:5      | Found a sparkling altar of Nemelex Xobeh.
  4627 | D:5      | Became a worshipper of Nemelex Xobeh the Trickster
  4628 | D:5      | - yay
  4786 | D:5      | Noticed a water moccasin
  4797 | D:5      | Killed a water moccasin
  4798 | D:5      | Reached skill level 7 in Stealth
  4800 | D:5      | Reached XP level 8. HP: 30/41 MP: 2/11
  5245 | D:5      | Reached skill level 1 in Fighting
  5357 | D:5      | Found a radiant altar of Vehumet.
  5573 | D:5      | Reached skill level 8 in Stealth
  5854 | D:5      | Reached XP level 9. HP: 46/51 MP: 4/12
  6489 | D:6      | Reached skill level 9 in Stealth
  6620 | D:6      | Reached skill level 5 in Fighting
  6873 | D:6      | Identified the +0 pair of gloves of Sizuoderr {rC+}
  6898 | D:6      | Found an ornate altar of the Wu Jian Council.
  6922 | D:6      | Identified the +7 hand axe of the Ancients {spect, rF+ rC+
                  | Int+2}
  6922 | D:6      | Identified the ring of Unutti {rF++ rC- Str+6 Int+5}
  7613 | D:7      | Reached skill level 10 in Stealth
  7736 | D:7      | Noticed Maggie
  7775 | D:7      | Reached * piety under Nemelex Xobeh
  7951 | D:7      | Reached skill level 1 in Invocations
  7960 | D:7      | Reached XP level 10. HP: 60/60 MP: 10/13
  8423 | D:7      | Found a hazy altar of Hepliaklqana.
  8558 | D:7      | Found Miyriffa's Armour Shop.
  8759 | D:7      | Received a gift from Nemelex Xobeh
  9182 | D:8      | Noticed Harold
  9197 | D:8      | Killed Harold
  9198 | D:8      | Reached skill level 11 in Stealth
  9322 | D:8      | Found a hide-covered altar of Uskayaw.
  9618 | D:8      | Noticed Erica
  9668 | D:8      | Reached skill level 5 in Invocations
 10033 | D:8      | Found a white marble altar of Elyvilon.
 10059 | D:8      | Found a broken altar of Ashenzari.
 10200 | D:8      | Identified the +3 quarterstaff "Vipp" {flame, Dex+3}
 10227 | D:8      | Found Lunymusi's Book Shoppe.
 10448 | D:8      | Found a glowing golden altar of the Shining One.
 10868 | D:8      | Learned a level 3 spell: Tukima's Dance
 11109 | D:9      | Noticed Psyche
 11214 | D:9      | Reached ** piety under Nemelex Xobeh
 11245 | D:9      | Found a staircase to the Lair.
 11251 | D:9      | - thats a poor landinmg
 11251 | D:9      | Slain by a water moccasin

Illustrated notes

..........P.###...........####...
.....P...........................
####....>.P.######..###########..
#...P....## ##...###### #..
#.....P...########.##...# ###
##.P....P.......>#.##...#
######..........#.##...#
##.........#......#
#.........####...# #.........#
#...# #.....@...# #...#
#.........# ##### #.........#
###########


Turn 4584 on D:4: - nemelex where are you ####### ##.....## ##...8...##
#.........# #.⌠.@._.⌠.# #.#.........# ..##...8...## ...##.....## ....###'###
..........# >.........# #....<...## ##......## ######## Turn 4628 on D:5: - yay
..###.# #.# ......# #.######.. ....#.###......... #.#........####...
#.###.####.# Ph #.....# #.# ..P......P #.##### #.##...P.PPP... #.#
#..P.P..P...... #.# #..♣.P.hlS.PP.♣ #.# ###P..SShl>..P. ### .P..@hhlPP..
.....PSP.... $.....P.P.PP ...........P ...♣.P.P.... Turn 11251 on D:9: - thats a
poor landinmg

Levels and vault maps discovered:
D:1:      matt_arrival_refuge, layout_rooms, minmay_crystal_water
D:2:      wad_pebble_path, layout_basic, minmay_joined_circles
D:3:      layout_loops_ring, mainiacjoe_overflow_surrounded_room,
          cheibriados_altar_1, hellmonk_ecumenical_altar_lost_god,
          uniq_crazy_yiuf_cottage, uniq_natasha
D:4:      layout_rooms, kiku_gazebo_pond_becter, minmay_temple_entry_oklob
D:5:      layout_rooms, grunt_temple_overflow_opulence, vehumet_crystals,
          minmay_lizard_king
D:6:      layout_loops_cross, overflow_temple_1_default
D:7:      layout_loops_ring, nicolae_hepliaklqana_hazy_memory, serial_shops,
          kennysheep_mini_moat, uniq_maggie
D:8:      layout_rooms, nicolae_tso_carved_into_rock, kennysheep_mini,
          lemuel_crystal_altar, ashenzari_conservatory_becter, serial_shops,
          nicolae_shop_behind_doors, nicolae_looking_at_the_future, uniq_erica,
          uniq_harold
D:9:      minmay_polygon_palace, layout_loops_cross,
          nicolae_qazlal_scattered_showers, minmay_lair_entry_grove,
          zombieorc2_lemuel, lightli_bailey_entry_fortress,
          minmay_increasing_density, uniq_psyche, uniq_erolcha, uniq_joseph
Temple:   compressed_dpeg_triangle_lava_temple

Skill      XL: |  1  2  3  4  5  6  7  8  9 10 |
---------------+-------------------------------+-----
Short Blades   | 2 3 4 5 6 |  6.0
Hexes          | 4 5 6 7 8 9 |  9.6
Stealth        | 5 6 7 8 10 11 | 11.5
Fighting       | 3 6 |  6.0
Invocations    | 1 6 |  6.0
Dodging        | |  2.4
Spellcasting   | |  2.1

Action                   |  1- 3 |  4- 6 |  7- 9 | 10-12 || total
-------------------------+-------+-------+-------+-------++-------
Melee: Dagger            |    86 |   139 |   236 |   135 ||   596
       Long sword        |       |     8 |    20 |       ||    28
Throw: Stone             |       |       |     3 |       ||     3
       Dart              |       |       |     1 |       ||     1
 Cast: Corona            |    13 |    21 |     5 |       ||    39
       Ensorcelled Hiber |     3 |    11 |    59 |    28 ||   101
       Confusing Touch   |       |       |    18 |    11 ||    29
Invok: Draw Escape       |       |       |       |     1 ||     1
  Use: Scroll            |       |     2 |     2 |     4 ||     8
 Stab: Sleeping          |    15 |    31 |    48 |    24 ||   118
       Distracted        |     1 |       |       |       ||     1
       Confused          |       |       |    17 |     5 ||    22
Armor: Robe              |    12 |    23 |    30 |    22 ||    87
Dodge: Dodged            |    62 |    90 |   121 |    93 ||   366
       Rpst.: Long sword |       |     2 |     4 |       ||     6
